 Dungeon Crawl Stone Soup version 0.31-a0-868-g674d60d6f7 (webtiles) character file.

Game seed: 6869847841549956077

15114 Newt the Fighter (level 11, -2/90 HPs)
             Began as a Demonspawn Gladiator on Oct 11, 2023.
             Was a High Priest of Okawaru.
             Slain by Snorg (13 damage)
             ... on level 12 of the Dungeon.
             The game lasted 00:15:32 (13790 turns).

Newt the Fighter (Demonspawn Gladiator)            Turns: 13790, Time: 00:15:32

Health: -2/90      AC: 15    Str: 18    XL:     11   Next: 97%
Magic:  16/16      EV: 13    Int:  6    God:    Okawaru [*****.]
Gold:   663        SH:  5    Dex: 22    Spells: 10/10 levels left

rFire   x . .        E - +6 hand axe (vamp)
rCold   . . .        (no shield)
rNeg    + . .        A - +0 swamp dragon scales
rPois   +            c - +0 helmet
rElec   +            (no cloak)
rCorr   +            (no gloves)
SInv    .            f - +0 pair of boots
Will    .....        d - amulet of reflection
Stlth   ++           B - ring "Kivecry" {Fly rCorr Int-5 Stlth+}
HPRegen 0.35/turn    F - ring of the Raven {rElec rPois rF- rN+ Dex+8}
MPRegen 0.15/turn

%: reflection
@: flying
A: claws 1, icy blue scales 2, powered by death 2, spiny 2
a: Renounce Religion, Heroism, Finesse, Duel


You were on level 12 of the Dungeon.
You worshipped Okawaru.
Okawaru was extremely pleased with you.
You visited 2 branches of the dungeon, and saw 13 of its levels.
You also visited: Sewer.

You collected 1855 gold pieces.
You spent 1192 gold pieces at shops.

Inventory:

Hand Weapons
 a - a +0 rapier
 l - a +0 mace of draining
 s - a +3 heavy mace
 u - a +2 flail of holy wrath
 D - a +3 battleaxe
 E - a +6 vampiric hand axe (weapon)
Missiles
 e - a javelin
 i - 11 boomerangs
Armour
 b - a +0 leather armour
 c - a +0 helmet (worn)
 f - a +0 pair of boots (worn)
 n - a +0 buckler
 y - a +0 troll leather armour
 A - +0 swamp dragon scales (worn)
Jewellery
 d - an amulet of reflection (around neck)
 h - an amulet of faith
 x - an amulet of the acrobat
 B - the ring "Kivecry" (left claw) {Fly rCorr Int-5 Stlth+}
   (You bought it in a shop on level 4 of the Dungeon)

   [ring of resist corrosion]

   Int-5:     It affects your intelligence (-5).
   Fly:       It grants you flight.
   rCorr:     It protects you from acid and corrosion.
   Stlth+:    It makes you more stealthy.
 F - the ring of the Raven (right claw) {rElec rPois rF- rN+ Dex+8}
   (You bought it in a shop on level 4 of the Dungeon)

   [ring of poison resistance]

   Dex+8:     It affects your dexterity (+8).
   rF-:       It makes you vulnerable to fire.
   rElec:     It insulates you from electricity.
   rPois:     It protects you from poison rN+: It protects you from negative
   energy.
 R - a ring of ice
 T - a ring of see invisible
 U - a ring of willpower
Wands
 C - a wand of polymorph (19)
 I - a wand of digging (8)
 P - a wand of flame (30)
 S - a wand of mindburst (9)
Scrolls
 k - a scroll of silence {unknown}
 m - 2 scrolls of fog
 o - 4 scrolls of vulnerability
 v - a scroll of immolation
 w - a scroll of poison
 K - a scroll of brand weapon
 M - a scroll of enchant armour {unknown}
 N - 2 scrolls of revelation
 Q - 2 scrolls of teleportation {unknown}
Potions
 g - 6 potions of curing
 j - 2 potions of magic
 p - 2 potions of enlightenment
 q - 2 potions of might
 r - 2 potions of cancellation
 t - a potion of brilliance
 z - 2 potions of mutation {unknown}
 G - a potion of ambrosia {unknown}
 H - 2 potions of attraction {unknown}
 J - a potion of degeneration
 L - a potion of berserk rage
 O - 2 potions of resistance {unknown}


   Skills:
 - Level 10.0 Fighting
 - Level 2.6 Short Blades
 - Level 8.6(10.0) Axes
 - Level 7.8(9.6) Maces & Flails
 - Level 1.7 Throwing
 - Level 9.0 Armour
 - Level 3.2 Dodging
 + Level 7.2 Invocations


You had 10 spell levels left.
You didn't know any spells.
Your spell library contained the following spells:

 Spells                   Type           Power      Damage    Failure   Level
 Freeze                   Ice            0%         1d3       63%         1
 Cigotuvi's Dreadful Rot  Necr/Pois/Air  0%         N/A       77%         2
 Frozen Ramparts          Ice            0%         1d1       94%         3
 Gell's Gravitas          Tloc           0%         N/A       94%         3
 Hailstorm                Conj/Ice       0%         3d3       94%         3
 Teleport Other           Tloc           0%         N/A       94%         3
 Dispel Undead            Necr           0%         3d6       100%        4
 Dispersal                Tloc           0%         N/A       100%        6
 Death Channel            Necr           Unusable   N/A       N/A         6

Dungeon Overview and Level Annotations

Branches:
Dungeon (12/15)            Temple (1/1) D:6            Lair (0/5) D:9
    Orc (0/2) D:12          Sewer (visited)

Altars:
Ashenzari
Cheibriados
Dithmenos
Fedhas
Gozag
Hepliaklqana
Kikubaaqudgha
Makhleb
Nemelex Xobeh
Okawaru
Qazlal
Ru
Sif Muna
Trog
Uskayaw
Vehumet
Wu Jian
Xom
Yredelemnul

Shops:
D:4 =   D:5 (

Annotations:
D:11 2 transporters
D:12 Snorg


Innate Abilities, Weirdness & Mutations

You have sharp fingernails.
You are mostly covered in icy blue scales. (AC +3)
You regenerate health from kills.
You are mostly covered in sharp spines.


Message History

Snorg is moderately wounded.
Snorg bites you! Snorg claws you. x2
You slash Snorg!
You feel better.
Snorg is moderately wounded.
Snorg is struck by your spines. Snorg bites you but does no damage.
Snorg claws you. Snorg completely misses you.
You slash Snorg!
You feel better.
Snorg is heavily wounded.
Snorg is struck by your spines. Snorg bites you. Snorg claws you! x2
You hit Snorg.
Snorg is heavily wounded.
Snorg is struck by your spines. Snorg bites you but does no damage.
Snorg misses you. Snorg claws you!
You are too injured to fight recklessly!
Unknown command.
You hit Snorg.
You feel better.
Snorg is severely wounded.
Snorg is struck by your spines. Snorg closely misses you.
You block Snorg's attack. Snorg closely misses you.
Snorg is struck by your spines. Snorg misses you. Snorg claws you!
* * * LOW HITPOINT WARNING * * *
Snorg claws you but does no damage.
You slash Snorg!
Snorg is severely wounded.
You block Snorg's attack. x2; Snorg claws you.
* * * LOW HITPOINT WARNING * * *
Unknown command.
Unknown command.
You slash Snorg!
You feel better.
Snorg is almost dead.
Snorg barely misses you. Snorg claws you but does no damage.
Snorg barely misses you.
Unknown command.
Unknown command.
You slash Snorg!
Snorg is almost dead.
Snorg bites you!
* * * LOW HITPOINT WARNING * * *
Snorg claws you but does no damage. Snorg claws you!
You die...

......###....<.......#
##.......
......#...#..........#
.........
......#.###..........#
#....... ......'.#
#<.........# #.....<.
......### #$.........#
#...^... ......#
#.....>....# #.......
......# #..........#.#
#%.....[ .######
#......$.....#
#....... .#
#.....@.....# ########
.# ###.##T##.....
#.#.W. ##.# #......
#.#..... #.##..... .
....... . ........


You could see Snorg (berserk) and a wraith.

Vanquished Creatures
  5 two-headed ogres
  The ghost of xbox the Mimic, a novice TrWr of Wu Jian (D:8)
  An ugly thing (D:11)
  Joseph (D:7)
  Jeremiah (D:7)
  4 trolls
  9 slime creatures (D:12)
  2 shadows
  2 wyverns
  2 wraiths (D:11)
  6 yaks (D:12)
  Eustachio (D:5)
  3 vampire mosquitoes (D:11)
  A basilisk (D:9)
  A steam dragon (D:7)
  Menkaure (D:6)
  4 acid dragons
  5 water moccasins
  An ice beast (D:7)
  5 black bears
  2 orc warriors (D:12)
  10 ogres
  2 wolves (D:9)
  3 centaurs
  A phantom (D:4)
  6 kobold brigands
  4 bullfrogs
  6 scorpions
  3 gnoll sergeants (D:12)
  11 wights
  2 howler monkeys
  A hound (D:4)
  An orc priest (D:4)
  3 gnoll boudas
  A sleepcap (D:6)
  A jelly (D:8)
  An iguana (D:6)
  7 orc wizards
  17 gnolls
  15 adders
  3 river rats (Sewer)
  3 white imps
  2 ufetubi
  2 worms (D:2)
  3 dart slugs
  42 orcs
  12 ball pythons
  3 endoplasms
  6 giant cockroaches
  15 goblins
  5 hobgoblins
  10 jackals
  10 kobolds
  5 quokkas
  6 bats
  11 frilled lizards
  7 rats
298 creatures vanquished.

Notes
Turn   | Place    | Note
-------+----------+-------------------------------------------
     0 | D:1      | Newt the Demonspawn Gladiator began the quest for the Orb.
     0 | D:1      | Reached XP level 1. HP: 16/16 MP: 1/1
   133 | D:1      | Gained mutation: You regenerate a little health from kills.
                  | [demonic ancestry]
   133 | D:1      | Reached XP level 2. HP: 23/23 MP: 2/2
   243 | D:1      | Reached skill level 3 in Fighting
   681 | D:2      | Gained mutation: You regenerate health from kills. [demonic
                  | ancestry]
   681 | D:2      | Reached XP level 3. HP: 27/29 MP: 3/3
  1043 | D:2      | Reached skill level 4 in Fighting
  1152 | D:2      | Reached skill level 1 in Maces & Flails
  1279 | D:2      | Gained mutation: You have sharp fingernails. [demonic
                  | ancestry]
  1279 | D:2      | Reached XP level 4. HP: 37/37 MP: 4/4
  1658 | D:3      | Found a glowing drain.
  1669 | Sewer    | Entered a sewer
  1715 | Sewer    | Gained mutation: You are partially covered in icy blue
                  | scales. (AC +2) [demonic ancestry]
  1715 | Sewer    | Reached XP level 5. HP: 31/42 MP: 5/5
  2433 | Sewer    | Reached XP level 6. HP: 48/48 MP: 6/6
  3237 | D:4      | Found Uzaz's Jewellery Emporium.
  3310 | D:4      | Reached skill level 5 in Maces & Flails
  3310 | D:4      | Reached skill level 1 in Armour
  3466 | D:4      | Reached XP level 7. HP: 53/54 MP: 7/7
  3952 | D:5      | Entered Level 5 of the Dungeon
  3952 | D:5      | Noticed Eustachio
  4253 | D:5      | Killed Eustachio
  4254 | D:5      | Reached skill level 5 in Fighting
  4281 | D:5      | Found Sikukk's Hydra Hut.
  4286 | D:5      | Noticed a seven-headed hydra
  4988 | D:4      | Gained mutation: You are partially covered in sharp spines.
                  | [demonic ancestry]
  4988 | D:4      | Reached XP level 8. HP: 60/64 MP: 8/8
  4989 | D:4      | Reached skill level 6 in Fighting
  5360 | D:6      | Found a burning altar of Makhleb.
  5374 | D:6      | Reached skill level 7 in Fighting
  6165 | D:6      | Found a shimmering altar of Xom.
  6168 | D:6      | Found a shimmering altar of Xom.
  6170 | D:6      | Found a shimmering altar of Xom.
  6170 | D:6      | Found a shimmering altar of Xom.
  6170 | D:6      | Found a shimmering altar of Xom.
  6171 | D:6      | Noticed Menkaure
  6178 | D:6      | Killed Menkaure
  6461 | D:6      | Found a shimmering altar of Xom.
  6461 | D:6      | Found a shimmering altar of Xom.
  6546 | D:6      | Found a staircase to the Ecumenical Temple.
  6596 | Temple   | Entered the Ecumenical Temple
  6615 | Temple   | Became a worshipper of Warmaster Okawaru
  6654 | D:7      | Noticed Joseph
  6927 | D:7      | Gained mutation: You are mostly covered in icy blue scales.
                  | (AC +3) [demonic ancestry]
  6927 | D:7      | Reached XP level 9. HP: 16/72 MP: 9/9
  7297 | D:7      | Reached skill level 1 in Axes
  7306 | D:6      | Reached * piety under Okawaru
  7577 | D:7      | Killed Joseph
  7687 | D:7      | Reached skill level 5 in Axes
  7851 | D:7      | Reached ** piety under Okawaru
  8140 | D:7      | Noticed Jeremiah
  8153 | D:7      | Killed Jeremiah
  8417 | D:8      | Identified a scroll of acquirement
  8417 | D:8      | Acquired 1153 gold pieces
  8484 | D:4      | Bought an amulet of reflection for 360 gold pieces
  8484 | D:4      | Bought the ring "Kivecry" {Fly rCorr Int-5 Stlth+} for 256
                  | gold pieces
  8484 | D:4      | Bought the ring of the Raven {rElec rPois rF- rN+ Dex+8}
                  | for 576 gold pieces
  8688 | D:8      | Found a sacrificial altar of Ru.
  8974 | D:8      | Noticed a troll
  8982 | D:8      | Killed a troll
  8983 | D:8      | Gained mutation: You are mostly covered in sharp spines.
                  | [demonic ancestry]
  8983 | D:8      | Reached XP level 10. HP: 72/79 MP: 10/10
  9076 | D:8      | Found a transporter.
  9080 | D:8      | Found a transporter.
  9081 | D:8      | Noticed xbox's ghost (novice TrWr)
  9098 | D:8      | Identified the +5 great mace of the Equator {protect, rN+}
  9870 | D:9      | Found a staircase to the Lair.
  9970 | D:9      | Noticed a two-headed ogre
  9982 | D:9      | Killed a two-headed ogre
  9983 | D:9      | Reached skill level 5 in Armour
 10532 | D:10     | Entered Level 10 of the Dungeon
 10555 | D:10     | Reached *** piety under Okawaru
 10765 | D:10     | Noticed a two-headed ogre
 10781 | D:10     | Killed a two-headed ogre
 11084 | D:10     | Found a blossoming altar of Fedhas.
 11549 | D:10     | Noticed a two-headed ogre
 11563 | D:10     | Killed a two-headed ogre
 11564 | D:10     | Reached XP level 11. HP: 25/84 MP: 11/11
 11903 | D:11     | Found a transporter.
 11903 | D:11     | Noticed an orc sorcerer
 11906 | D:11     | Noticed an orc sorcerer
 11908 | D:11     | Found a transporter.
 11950 | D:11     | Reached **** piety under Okawaru
 12162 | D:11     | Noticed a two-headed ogre
 12174 | D:11     | Killed a two-headed ogre
 12418 | D:11     | Noticed a red ugly thing
 12431 | D:11     | Killed a red ugly thing
 12442 | D:11     | Identified the +5 hand axe of Intuition {heavy, Str+6
                  | Int-2}
 12965 | D:8      | Reached skill level 8 in Fighting
 12982 | D:8      | Killed xbox's ghost
 12982 | D:8      | Reached ***** piety under Okawaru
 13374 | D:12     | Found a staircase to the Orcish Mines.
 13400 | D:12     | Reached skill level 9 in Fighting
 13495 | D:12     | Received a gift from Okawaru
 13496 | D:12     | Reached skill level 10 in Fighting
 13496 | D:12     | Reached skill level 1 in Invocations
 13563 | D:12     | Noticed a two-headed ogre
 13580 | D:12     | Killed a two-headed ogre
 13581 | D:12     | Reached skill level 5 in Invocations
 13773 | D:12     | Noticed Snorg
 13790 | D:12     | Slain by Snorg

Illustrated notes

Levels and vault maps discovered:
D:1:      dpeg_arrival_tiny_a, layout_basic
D:2:      wad_crossroads, layout_loops_ring
D:3:      layout_loops_ring, portal_sewer_entry_d
D:4:      layout_loops_ring, serial_shops, nicolae_shop_tiny_real_fake_doors,
          chequers_serial_rivers_micro_c
D:5:      layout_basic, doesnt_shop_hydraphobe, uniq_eustachio
D:6:      layout_rooms, nicolae_xom_altar_mimics, lemuel_doored_altar,
          minmay_temple_entry_butterflies, kennysheep_path_1,
          kennysheep_generic_room_10, uniq_menkaure
D:7:      layout_cave_pools, uniq_jeremiah, uniq_joseph
D:8:      layout_loops_corners, elyvilon_altar_3, mainiacjoe_overflow_boulevard,
          gammafunk_ghost_smash
D:9:      layout_layer_cave, minmay_lair_entry_grove, kennysheep_nondescript
D:10:     layout_grid_maze, lemuel_round_altar
D:11:     gammafunk_beogh_shrine, layout_loops_ring
D:12:     layout_roguey, kennysheep_orc_monster_closet_entryway, serial_shops,
          nicolae_shop_advertising_works [nicolae_subvault_shop_adworks],
          hangedman_decor_clover_reticule, chequers_jeans, uniq_snorg
Temple:   bh_familiar_temple

Skill      XL: |  1  2  3  4  5  6  7  8  9 10 11 |
---------------+----------------------------------+-----
Fighting       | 3 4 5 7 10 | 10.0
Maces & Flails | 1 2 4 5 7 |  7.8
Armour         | 2 4 8 9 |  9.0
Dodging        | 3 |  3.2
Axes           | 7 8 |  8.6
Invocations    | 7 |  7.2
Short Blades   | |  2.6
Throwing       | |  1.7

Action                     |  1- 3 |  4- 6 |  7- 9 | 10-12 || total
---------------------------+-------+-------+-------+-------++-------
  Melee: Rapier            |    60 |       |       |       ||    60
         Mace              |    60 |   227 |   170 |       ||   457
         Punch             |     1 |       |     1 |     9 ||    11
         Hand axe          |       |       |    76 |   350 ||   426
         Battleaxe         |       |       |    28 |       ||    28
  Throw: Throwing net      |       |       |     4 |       ||     4
  Evoke: Wand              |       |       |       |     2 ||     2
    Use: Scroll            |     5 |     1 |    10 |     5 ||    21
         Potion            |       |       |     7 |     1 ||     8
   Stab: Sleeping          |     3 |       |     2 |     4 ||     9
         Invisible         |       |       |     2 |    12 ||    14
         Held in net/web   |       |       |     3 |       ||     3
 Armour: Leather armour    |    75 |   156 |   258 |       ||   489
         Swamp dragon scal |       |       |     8 |   169 ||   177
         Troll leather arm |       |       |       |    55 ||    55
  Dodge: Dodged            |   109 |   136 |   267 |   183 ||   695
  Block: Buckler           |     5 |    33 |    55 |       ||    93
         Other             |       |       |     2 |    82 ||    84
         Reflection        |       |       |     1 |     4 ||     5

Table legend: (Time is in decaauts)
 A = Elapsed time spent in this place.
 B = Non-inter-level travel time spent in this place.
 C = Inter-level travel time spent in this place.
 D = Time resting spent in this place.
 E = Time spent auto-exploring this place.
 F = Levels seen in this place.
 G = Mean time per level.
                   A        B        C        D        E       F      G
               +--------+--------+--------+--------+--------+-----+--------+
         Total |  14099 |  13187 |    912 |   3214 |   7713 |  14 | 1007.1 |
       Dungeon |  12936 |  12057 |    879 |   2857 |   7222 |  12 | 1078.0 |
        Temple |     37 |      5 |     32 |      0 |      0 |   1 |   37.0 |
         Sewer |   1126 |   1126 |      0 |    357 |    491 |   1 | 1126.0 |
               +--------+--------+--------+--------+--------+-----+--------+

Top non-repeatable levels by time:
     D:6: 2198 daAuts
     D:4: 1440 daAuts
    D:10: 1368 daAuts
   Sewer: 1126 daAuts
     D:9: 1087 daAuts
     D:8: 1046 daAuts
     D:7: 1028 daAuts
    D:11: 987 daAuts
     D:2: 917 daAuts
     D:5: 904 daAuts
     D:3: 787 daAuts
     D:1: 663 daAuts
    D:12: 506 daAuts
  Temple: 37 daAuts
